Description

This is the standard gate expand in PvZ.

VOD

https://youtu.be/gFD9r74wjqc

Replay - IA (très facile) v zuka - Oiseau de foudre EC

Build Order

Get SALT Encoding   

  12  0:01  Probe  
  13  0:13  Probe  
  14  0:20  Pylon  
  14  0:24  Probe  
  15  0:34  Probe  
  15  0:42  Gateway  
  16  0:43  Probe  
  16  0:49  Assimilator  
  17  0:54  Probe  
  18  1:02  Probe  
  18  1:10  Probe  
  20  1:26  Nexus  
  20  1:36  Cybernetics Core  
  20  1:39  Probe  
  21  1:44  Assimilator  
  21  1:51  Probe  
  22  1:54  Pylon  
  22  2:02  Adept  
  25  2:21  Twilight Council  
Spawning Tool Build Advisor. Get it on Overwolf

Go to:

Details

  • Created by: zuka      
  • Published on: Oct 19, 2019
  • Modified on: Oct 19, 2019
  • Patch: 4.7.1
Show
View Real Time Build Order
Export as new Build Order

Comments (1)

On Nov. 2, 2019, 12:26 p.m., Perfi  said:

* rally probe to build gateway around time pylon is finishing and have it build the assimilator on the return trip
* chronoboost probes twice, ASAP

Create an account to comment!